 Dungeon Crawl Stone Soup version 0.13.1-28-g3517093 (console) character file.

2598 Magician the Fighter (level 9, -6/71 HPs)
             Began as a Merfolk Berserker on Mar 5, 2014.
             Was a Priest of Trog.
             Mangled by Sonja
             ... wielding a +0,+0 short sword of distortion
              (16 damage)
             ... on Level 10 of the Dungeon.
             The game lasted 00:16:44 (2219 turns).

Magician the Fighter (Merfolk Berserker)            Turns: 2219, Time: 00:16:45

HP  -6/71        AC  8     Str 17      XL: 9   Next: 54%
MP  17/17        EV 15     Int  7      God: Trog [***...]
Gold 80          SH  0     Dex 16      Spells:  0 memorised,  8 levels left

Res.Fire  : . . .   See Invis. : .   q - +1 orc trident (pierce)
Res.Cold  : . . .   Warding    : .   j - +0 ring mail (curse)
Life Prot.: . . .   Conserve   : .   (no shield)
Res.Poison: .       Res.Corr.  : .   (no helmet)
Res.Elec. : .       Clarity    : .   (no cloak)
Sust.Abil.: . .     Spirit.Shd : .   n - +1 pair of gauntlets
Res.Mut.  : .       Stasis     : +   (no boots)
Res.Rott. : .       Flight     : .   i - amulet of stasis
Saprovore : . . .                    t - ring of magical power
                                     h - cursed +2 ring of evasion

@: short of breath, regenerating, quite poisoned, very resistant to hostile
enchantments, very unstealthy
A: change form in water, swift swim
a: Burn Spellbooks, Berserk, Trog's Hand, Renounce Religion


You were on level 10 of the Dungeon.
You worshipped Trog.
Trog was most pleased with you.
You were not hungry.

You visited 1 branch of the dungeon, and saw 10 of its levels.

You collected 148 gold pieces.
You spent 88 gold pieces at shops.

Inventory:

Hand weapons
 a - a +0,+0 spear {=f}
 c - a +2,+3 spear (quivered)
 d - a +0 blowgun
 q - a +1,+1 orcish trident of piercing (weapon)
Armour
 j - a cursed +0 ring mail (worn)
 n - a +1 pair of gauntlets (worn)
 s - a +0 chain mail
 x - a +0 orcish scale mail
 y - a +0 orcish chain mail
Comestibles
 p - a bread ration
 C - 11 sultanas
Scrolls
 e - a scroll of magic mapping {unknown}
 f - a scroll of enchant armour
 m - 2 scrolls of blinking
 o - 2 scrolls of fog {unknown}
 w - 2 scrolls of enchant weapon I {unknown}
 z - 2 scrolls of curse armour {unknown}
 A - a scroll of recharging {unknown}
 B - 2 scrolls of teleportation {unknown}
Jewellery
 h - a cursed +2 ring of evasion (left hand)
 i - an amulet of stasis (around neck)
 t - a ring of magical power (right hand)
Potions
 b - a potion of agility
 g - 7 potions of curing
 k - a potion of magic
 l - 2 potions of invisibility
 r - 3 potions of speed {unknown}
 u - 2 potions of might {unknown}


   Skills:
 * Level 8.8 Fighting
 + Level 8.3 Polearms
 * Level 5.7 Armour
 + Level 7.2 Dodging


You had 8 spell levels left.
You didn't know any spells.

Dungeon Overview and Level Annotations

Branches:
Dungeon (10/27)
 Temple: D:4-7          Orc: D:6-11        Lair: D:8-13

Altars:
Kikubaaqudgha

Shops:
D:4 !   D:8 (

Annotations:
D:9 Eustachio
D:10 Sonja


Message History

You see here a curare-tipped needle.
You feel sick.
You feel sick.
You barely miss Sonja.
Sonja is moderately wounded.
You feel sick.
Sonja unwields an uncursed runed blowgun.
Sonja wields an uncursed short sword of distortion.
Its appearance distorts for a moment.
Sonja barely misses you. Sonja hits you but does no damage.
Space warps horribly around you!
* * * LOW HITPOINT WARNING * * *
Sonja closely misses you.
You hit Sonja.
Sonja is heavily wounded.
* * * LOW HITPOINT WARNING * * *
You feel sick.
Sonja hits you with an uncursed short sword of distortion.
* * * LOW HITPOINT WARNING * * *
Space warps horribly around you!
You die...

###### #..... #..... ####
########### ####..... .....
#.........# #........
.......#####.........# #.##.....
........(.##.........# #.##.....
.......##.##...K.....###.##.....
..... #..'...@.....'...##.....
K... ####(........######.....
### ##(######## ###### #(# #
#..# # ##+# ###### #..... #.....
#.....


You could see Sonja.

Vanquished Creatures
  A hippogriff (D:9)
  2 hungry ghosts
  Menkaure (D:5)
  A black bear (D:9)
  An ice beast (D:10)
  A phantom (D:7)
  3 ogres
  2 sky beasts
  Sigmund (D:5)
  Duvessa (D:5)
  3 giant frogs (D:7)
  An eye of draining (D:8)
  5 killer bees (D:10)
  3 wights (D:8)
  Dowan (D:5)
  An orc priest (D:4)
  5 orc wizards
  3 hounds
  A scorpion (D:9)
  3 worker ants
  An iguana (D:5)
  A sky beast zombie (D:9)
  A big kobold zombie (D:7)
  A crocodile skeleton (D:8)
  5 adders
  A giant gecko (D:4)
  2 oozes
  24 orcs
  8 bats
  2 giant cockroaches
  4 hobgoblins
  4 jackals (D:4)
  2 quokkas
  A ball python (D:4)
  A giant gecko skeleton (D:9)
  8 goblins
  5 kobolds
  A quokka skeleton (D:4)
  4 rats
  A rat zombie (D:7)
117 creatures vanquished.

Vanquished Creatures (others)
  An orc wizard (D:8)
  2 orcs
3 creatures vanquished.

Grand Total: 120 creatures vanquished

Notes
Turn   | Place    | Note
--------------------------------------------------------------
     0 | D:1      | Magician, the Merfolk Berserker, began the quest for the Orb.
     0 | D:1      | Reached XP level 1. HP: 18/18 MP: 0/0
   202 | D:1      | Reached XP level 2. HP: 16/24 MP: 1/1
   402 | D:4      | Reached XP level 3. HP: 23/30 MP: 2/2
   456 | D:4      | Acquired Trog's second power
   490 | D:4      | Noticed an ogre
   498 | D:4      | Killed an ogre
   498 | D:4      | Reached skill level 5 in Polearms
   498 | D:4      | Reached XP level 4. HP: 34/37 MP: 3/3
   498 | D:4      | Reached XP level 5. HP: 38/42 MP: 4/4
   688 | D:4      | Reached XP level 6. HP: 19/49 MP: 5/5
   696 | D:4      | Reached skill level 5 in Fighting
   774 | D:4      | Found Qoch's Distillery.
   780 | D:4      | Bought a potion of heal wounds for 33 gold pieces
   780 | D:4      | Bought a potion of curing for 22 gold pieces
   780 | D:4      | Bought a potion of paralysis for 11 gold pieces
   780 | D:4      | Bought a potion of curing for 22 gold pieces
   843 | D:5      | Entered Level 5 of the Dungeon
   918 | D:5      | Noticed Menkaure
   926 | D:5      | Killed Menkaure
   936 | D:5      | Reached skill level 6 in Polearms
   990 | D:5      | Reached XP level 7. HP: 39/55 MP: 6/6
  1011 | D:5      | Noticed Sigmund
  1011 | D:5      | Reached skill level 5 in Dodging
  1024 | D:5      | Killed Sigmund
  1043 | D:5      | Noticed Dowan
  1045 | D:5      | Noticed Duvessa
  1069 | D:5      | Killed Duvessa
  1075 | D:5      | Killed Dowan
  1098 | D:5      | Reached XP level 8. HP: 50/63 MP: 7/7
  1285 | D:7      | Reached skill level 7 in Polearms
  1727 | D:8      | Reached skill level 5 in Armour
  1727 | D:8      | Reached XP level 9. HP: 38/70 MP: 0/8
  1753 | D:8      | Found Niocuo's Weapon Shoppe.
  1809 | D:8      | Reached skill level 8 in Polearms
  1821 | D:8      | Found an ancient bone altar of Kikubaaqudgha.
  1853 | D:9      | Noticed Eustachio
  2045 | D:10     | Entered Level 10 of the Dungeon
  2194 | D:10     | Noticed Sonja
  2219 | D:10     | Mangled by Sonja

Action                   |  1- 3 |  4- 6 |  7- 9 || total
-------------------------+-------+-------+-------++-------
Melee: Spear             |    87 |       |       ||    87
       Trident           |     4 |    78 |   364 ||   446
Invok: Berserk           |     2 |     4 |     9 ||    15
       Trog's Hand       |     1 |     3 |    13 ||    17
  Use: Scroll            |       |       |     8 ||     8
       Potion            |       |       |     1 ||     1
